3AA
ATLANTIC CITY SONICS @ LANCASTER FARMERS
07/09/2021
 
TOP OF THE 1ST
Atlantic City Sonics batting - Pitching for Lancaster Farmers : RHP Craig Fawsyde
Pitching: RHP Craig Fawsyde
Batting: LHB Mark Evans 0-0: Ball
1-0: Swinging Strike
1-1: Ball
2-1: Ball
3-1: Called Strike
3-2: Fly out, F5 (Popup, 13S)
Batting: RHB Bob Ethridge 0-0: Fly out, F9 (Flyball, 89M)
Batting: RHB Bartolo Morales 0-0: Foul Ball, location: 2F
0-1: Foul Ball, location: 2F
0-2: Fly out, F8 (Flyball, 8LS)
Top of the 1st over - 0 run(s), 0 hit(s), 0 error(s), 0 left on base; Atlantic City 0 - Lancaster 0
BOTTOM OF THE 1ST
Lancaster Farmers batting - Pitching for Atlantic City Sonics : RHP William MacKnight
Pitching: RHP William MacKnight
Batting: RHB Ricardo Pacheco 0-0: Ball
1-0: Swinging Strike
1-1: Foul Ball, location: 2F
1-2: Foul Ball, location: 2F
1-2: Strikes out swinging
Batting: RHB Eric Howard 0-0: Ball
1-0: Foul Ball, location: 2F
1-1: Ball
2-1: Called Strike
2-2: Ball
3-2: Ground out 6-3 (Groundball, 6)
Batting: RHB Fred Meyer 0-0: Called Strike
0-1: Foul Ball, location: 2F
0-2: Foul Ball, location: 2F
0-2: Foul Ball, location: 2F
0-2: Foul Ball, location: 2F
0-2: Fly out, F3 (Popup, 3)
Bottom of the 1st over - 0 run(s), 0 hit(s), 0 error(s), 0 left on base; Atlantic City 0 - Lancaster 0
TOP OF THE 2ND
Atlantic City Sonics batting - Pitching for Lancaster Farmers : RHP Craig Fawsyde
Batting: RHB Martín Álvarez 0-0: Ball
1-0: Swinging Strike
1-1: Fly out, F9 (Flyball, 9D)
Batting: LHB Pedro López 0-0: Ball
1-0: Ball
2-0: Ball
3-0: Called Strike
3-1: SINGLE (Groundball, 34D)
Batting: RHB Stephen Blair 0-0: Foul Ball, location: 2F
0-1: Ball
1-1: Fly out, F9 (Flyball, 9M)
Batting: LHB Kip Burks 0-0: Called Strike
0-1: Foul Ball, location: 2F
0-2: Ball
1-2: Ball
Pedro López is caught stealing 2nd base
Top of the 2nd over - 0 run(s), 1 hit(s), 0 error(s), 0 left on base; Atlantic City 0 - Lancaster 0
BOTTOM OF THE 2ND
Lancaster Farmers batting - Pitching for Atlantic City Sonics : RHP William MacKnight
Batting: RHB Brent Ryan 0-0: Ball
1-0: Ball
2-0: Ball
3-0: Foul Ball, location: 2F
3-1: Called Strike
3-2: Strikes out swinging
Batting: RHB Keith Fish 0-0: Called Strike
0-1: Swinging Strike
0-2: Strikes out swinging
Batting: RHB John Townsend 0-0: Ball
1-0: Foul Ball, location: 2F
1-1: Swinging Strike
1-2: Ball
2-2: Strikes out looking
Bottom of the 2nd over - 0 run(s), 0 hit(s), 0 error(s), 0 left on base; Atlantic City 0 - Lancaster 0
TOP OF THE 3RD
Atlantic City Sonics batting - Pitching for Lancaster Farmers : RHP Craig Fawsyde
Batting: LHB Kip Burks 0-0: Swinging Strike
0-1: Foul Ball, location: 2F
0-2: Foul Ball, location: 2F
0-2: Ball
1-2: SOLO HOME RUN (Flyball, 8LXD), Distance : 446 ft
Batting: RHB Brad Jacobson 0-0: Foul Ball, location: 2F
0-1: Foul Ball, location: 2F
0-2: DOUBLE (Line Drive, 9LM)
Batting: RHB Luis Garza 0-0: Called Strike
0-1: SINGLE (Line Drive, 34D)
Brad Jacobson to third
Runner from 3rd tries for Home, SAFE, throw made home
Batting: LHB Mark Evans 0-0: Called Strike
0-1: Ball
1-1: Called Strike
1-2: SINGLE (Groundball, 6MD) (infield hit)
Luis Garza to second
Batting: RHB Bob Ethridge 0-0: Ball
1-0: Called Strike
1-1: Foul Ball, location: 2F
1-2: Strikes out looking
Batting: RHB Bartolo Morales 0-0: Called Strike
0-1: Ball
1-1: Foul Ball, location: 2F
1-2: SINGLE (Groundball, 6MD)
Luis Garza to third
Mark Evans to second
Runner from 3rd tries for Home, SAFE, no throw or cutoff
Batting: RHB Martín Álvarez 0-0: Ball
1-0: Called Strike
1-1: Ball
2-1: Ball
3-1: Called Strike
3-2: Foul Ball, location: 2F
3-2: Strikes out swinging
Batting: LHB Pedro López 0-0: Fly out, F7 (Line Drive, 78M)
Top of the 3rd over - 3 run(s), 5 hit(s), 0 error(s), 2 left on base; Atlantic City 3 - Lancaster 0
BOTTOM OF THE 3RD
Lancaster Farmers batting - Pitching for Atlantic City Sonics : RHP William MacKnight
Batting: RHB Bennett Bates 0-0: Called Strike
0-1: SINGLE (Line Drive, 89S)
Pitching: LHP Steve Pérez
Batting: SHB Jim Henderson 0-0: Ball
1-0: Ball
2-0: Ball
3-0: Called Strike
3-1: Base on Balls
Bennett Bates to second
Batting: LHB Rob Wilson 0-0: Ball
1-0: Called Strike
1-1: Swinging Strike
1-2: Ball
2-2: Fly out, F8 (Popup, 6MD)
Batting: RHB Ricardo Pacheco 0-0: Swinging Strike
0-1: Fly out, F4 (Line Drive, 4)
Batting: RHB Eric Howard 0-0: DOUBLE (Line Drive, 8LD)
Bennett Bates scores
Jim Henderson to third
Batting: RHB Fred Meyer 0-0: Called Strike
0-1: Swinging Strike
0-2: Ball
1-2: Strikes out swinging
Bottom of the 3rd over - 1 run(s), 2 hit(s), 0 error(s), 2 left on base; Atlantic City 3 - Lancaster 1
TOP OF THE 4TH
Atlantic City Sonics batting - Pitching for Lancaster Farmers : RHP Craig Fawsyde
Batting: RHB Stephen Blair 0-0: Called Strike
0-1: Called Strike
0-2: Ball
1-2: Foul Ball, location: 2F
1-2: Strikes out looking
Batting: LHB Kip Burks 0-0: Ball
1-0: Ground out 6-3 (Groundball, 6M)
Batting: RHB Brad Jacobson 0-0: Ball
1-0: Ball
2-0: Called Strike
2-1: SINGLE (Groundball, 56D)
Batting: RHB Luis Garza 0-0: Foul Ball, location: 2F
0-1: Foul Ball, location: 2F
0-2: Foul Ball, location: 2F
0-2: Ball
1-2: Ball
2-2: Fly out, F3 (Popup, 3)
Top of the 4th over - 0 run(s), 1 hit(s), 0 error(s), 1 left on base; Atlantic City 3 - Lancaster 1
BOTTOM OF THE 4TH
Lancaster Farmers batting - Pitching for Atlantic City Sonics : LHP Steve Pérez
Now in CF: Marty Hayden
Batting: RHB Brent Ryan 0-0: Called Strike
0-1: Ball
1-1: Foul Ball, location: 2F
1-2: SINGLE (Groundball, 56D)
Batting: RHB Keith Fish 0-0: Ball
1-0: Ball
2-0: Called Strike
2-1: Ball
3-1: Called Strike
3-2: Strikes out swinging
Batting: RHB John Townsend 0-0: Ball
1-0: Ball
2-0: Called Strike
Brent Ryan steals 2nd base
2-1: Fly out, F5 (Popup, 15S)
Batting: RHB Bennett Bates 0-0: Ball
1-0: Ball
2-0: Foul Ball, location: 2F
2-1: Swinging Strike
2-2: Foul Ball, location: 2F
2-2: Fly out, F3 (Popup, 23F)
Bottom of the 4th over - 0 run(s), 1 hit(s), 0 error(s), 1 left on base; Atlantic City 3 - Lancaster 1
TOP OF THE 5TH
Atlantic City Sonics batting - Pitching for Lancaster Farmers : RHP Craig Fawsyde
Batting: LHB Mark Evans 0-0: Fly out, F2 (Popup, 2LF)
Batting: RHB Bob Ethridge 0-0: Ball
1-0: Ball
2-0: Ball
3-0: Base on Balls
Batting: RHB Bartolo Morales 0-0: Ball
1-0: Ball
Bob Ethridge is caught stealing 2nd base
2-0: Ground out 2-3 (Groundball, 25)
Top of the 5th over - 0 run(s), 0 hit(s), 0 error(s), 0 left on base; Atlantic City 3 - Lancaster 1
BOTTOM OF THE 5TH
Lancaster Farmers batting - Pitching for Atlantic City Sonics : LHP Steve Pérez
Batting: SHB Jim Henderson 0-0: Ball
1-0: Ball
2-0: Foul Ball, location: 2F
2-1: Ball
3-1: Base on Balls
Batting: LHB Rob Wilson 0-0: Ball
1-0: Bunted foul
1-1: Sac Bunt - play at first, batter OUT! 1-4
Jim Henderson to second
Batting: RHB Ricardo Pacheco 0-0: Ball
1-0: Foul Ball, location: 2F
1-1: Foul Ball, location: 2F
1-2: Ball
2-2: Strikes out looking
Batting: RHB Eric Howard 0-0: Ball
1-0: Swinging Strike
1-1: Swinging Strike
1-2: Foul Ball, location: 2F
1-2: Ball
2-2: Fly out, F8 (Flyball, 8RM)
Bottom of the 5th over - 0 run(s), 0 hit(s), 0 error(s), 1 left on base; Atlantic City 3 - Lancaster 1
TOP OF THE 6TH
Atlantic City Sonics batting - Pitching for Lancaster Farmers : RHP Craig Fawsyde
Batting: RHB Martín Álvarez 0-0: Swinging Strike
0-1: Foul Ball, location: 2F
0-2: Ball
1-2: Foul Ball, location: 2F
1-2: Strikes out looking
Batting: LHB Pedro López 0-0: Called Strike
0-1: Ball
1-1: SINGLE (Line Drive, 6M)
Batting: RHB Marty Hayden 0-0: Called Strike
0-1: Ball
1-1: Ball
2-1: SINGLE (Groundball, 6)
Pedro López to second
Batting: LHB Kip Burks 0-0: Foul Ball, location: 2F
0-1: SINGLE (Line Drive, 56D)
Pedro López to third
Marty Hayden to second
Pitching: RHP Gonzalo Velásquez
Batting: RHB Brad Jacobson 0-0: Called Strike
0-1: Swinging Strike
0-2: Ball
1-2: Strikes out swinging
Batting: RHB Luis Garza 0-0: Ground out 4-3 (Groundball, 4)
Top of the 6th over - 0 run(s), 3 hit(s), 0 error(s), 3 left on base; Atlantic City 3 - Lancaster 1
BOTTOM OF THE 6TH
Lancaster Farmers batting - Pitching for Atlantic City Sonics : LHP Steve Pérez
Pitching: LHP Rob Smith
Batting: RHB Fred Meyer 0-0: Called Strike
0-1: Ball
1-1: Called Strike
1-2: Foul Ball, location: 2F
1-2: Ball
2-2: Strikes out swinging
Batting: RHB Brent Ryan 0-0: Ball
1-0: Ball
2-0: Ball
3-0: Base on Balls
Batting: RHB Keith Fish 0-0: Ball
1-0: Grounds into double play, 4-6-3 (Groundball, 4)
Bottom of the 6th over - 0 run(s), 0 hit(s), 0 error(s), 0 left on base; Atlantic City 3 - Lancaster 1
TOP OF THE 7TH
Atlantic City Sonics batting - Pitching for Lancaster Farmers : RHP Gonzalo Velásquez
Batting: LHB Mark Evans 0-0: Called Strike
0-1: Swinging Strike
0-2: Ball
1-2: Foul Ball, location: 2F
1-2: Ball
2-2: Strikes out swinging
Batting: RHB Bob Ethridge 0-0: Ball
1-0: Swinging Strike
1-1: Swinging Strike
1-2: Strikes out swinging, 2-3 out at first.
Batting: RHB Bartolo Morales 0-0: Fly out, F9 (Flyball, 9S)
Top of the 7th over - 0 run(s), 0 hit(s), 0 error(s), 0 left on base; Atlantic City 3 - Lancaster 1
BOTTOM OF THE 7TH
Lancaster Farmers batting - Pitching for Atlantic City Sonics : LHP Rob Smith
Batting: RHB John Townsend 0-0: Called Strike
0-1: Called Strike
0-2: Ball
1-2: Ball
2-2: Ball
3-2: Fly out, F7 (Flyball, 7D)
Batting: RHB Bennett Bates 0-0: Swinging Strike
0-1: Called Strike
0-2: Ball
1-2: Ball
2-2: Ball
3-2: Base on Balls
Batting: SHB Jim Henderson 0-0: Ball
1-0: Called Strike
1-1: Foul Ball, location: 2F
1-2: Strikes out looking
Batting: LHB Rob Wilson 0-0: Ground out 1-3 (Groundball, 13)
Bottom of the 7th over - 0 run(s), 0 hit(s), 0 error(s), 1 left on base; Atlantic City 3 - Lancaster 1
TOP OF THE 8TH
Atlantic City Sonics batting - Pitching for Lancaster Farmers : RHP Gonzalo Velásquez
Batting: RHB Martín Álvarez 0-0: Ball
1-0: Called Strike
1-1: Foul Ball, location: 2F
1-2: Foul Ball, location: 2F
1-2: Foul Ball, location: 2F
1-2: Ground out 4-3 (Groundball, 4)
Batting: LHB Pedro López 0-0: Ball
1-0: Swinging Strike
1-1: Ball
2-1: Foul Ball, location: 2F
2-2: Strikes out swinging
Batting: RHB Marty Hayden 0-0: Swinging Strike
0-1: Called Strike
0-2: Ball
1-2: Ball
2-2: Ball
3-2: Foul Ball, location: 2F
3-2: Strikes out swinging
Top of the 8th over - 0 run(s), 0 hit(s), 0 error(s), 0 left on base; Atlantic City 3 - Lancaster 1
BOTTOM OF THE 8TH
Lancaster Farmers batting - Pitching for Atlantic City Sonics : LHP Rob Smith
Batting: RHB Ricardo Pacheco 0-0: Ground out 6-3 (Groundball, 6)
Batting: RHB Eric Howard 0-0: Ball
1-0: Ground out 4-3 (Groundball, 4)
Batting: RHB Fred Meyer 0-0: Ball
1-0: Fly out, F8 (Flyball, 8RS)
Bottom of the 8th over - 0 run(s), 0 hit(s), 0 error(s), 0 left on base; Atlantic City 3 - Lancaster 1
TOP OF THE 9TH
Atlantic City Sonics batting - Pitching for Lancaster Farmers : RHP Gonzalo Velásquez
Batting: LHB Kip Burks 0-0: Called Strike
0-1: Called Strike
0-2: SINGLE (Groundball, 4MD)
Batting: RHB Brad Jacobson 0-0: Ball
1-0: Called Strike
1-1: Ball
2-1: Sac Bunt - play at second, runner OUT! 1-6
Batting: RHB Luis Garza 0-0: Ball
1-0: Called Strike
1-1: SINGLE (Groundball, 25) (infield hit)
Brad Jacobson to second
Batting: LHB Mark Evans 0-0: Ball
1-0: SINGLE (Flyball, 7S)
Brad Jacobson to third
Luis Garza to second
Pinch Hitting: LHB Steven Johnson 0-0: Foul Ball, location: 2F
0-1: Foul Ball, location: 2F
0-2: Strikes out looking
Batting: RHB Bartolo Morales 0-0: Ball
1-0: Ball
2-0: Called Strike
2-1: Called Strike
2-2: Foul Ball, location: 2F
2-2: Foul Ball, location: 2F
2-2: Fly out, F8 (Flyball, 8LM)
Top of the 9th over - 0 run(s), 3 hit(s), 0 error(s), 3 left on base; Atlantic City 3 - Lancaster 1
BOTTOM OF THE 9TH
Lancaster Farmers batting - Pitching for Atlantic City Sonics : LHP Rob Smith
Pitching: RHP Bernardo Valdés
Now at 1B: David Snyder
Now at 2B: Pedro Robles
Batting: RHB Brent Ryan 0-0: Swinging Strike
0-1: Fly out, F8 (Flyball, 8LS)
Batting: RHB Keith Fish 0-0: Called Strike
0-1: Swinging Strike
0-2: Foul Ball, location: 2F
0-2: Strikes out looking
Batting: RHB John Townsend 0-0: Called Strike
0-1: Swinging Strike
0-2: Ball
1-2: Strikes out swinging
Bottom of the 9th over - 0 run(s), 0 hit(s), 0 error(s), 0 left on base; Atlantic City 3 - Lancaster 1
This league is powered by Out of the Park Baseball, the baseball management simulation game for PC, Mac and Linux
Friday, January 22nd, 2016 - OOTP Baseball 16.9 Build 39